[ AOE2 MATCH · #466930800 ]
UnrankedMagyars vs Malay
Player's team · WIN
Rival team · LOSS
[ REPLAY ANALYSIS · EXTRACTED FROM THE RECORDED GAME ]
Feudal
9:43
Castle
21:05
Imperial
—
| APM avg | 60.7 |
| APM peak | 111 |
| eAPM avg | 19.6 |
| Villagers / military | 57 / 47 |
Focus
⚔️ 26.1% · 🌾 73.9%
Cavalry Archer ×39 · Skirmisher ×5 · Scout Cavalry ×2 · Battering Ram ×1
Feudal
11:39
Castle
20:52
Imperial
—
| APM avg | 46.8 |
| APM peak | 89 |
| eAPM avg | 21.9 |
| Villagers / military | 61 / 38 |
Focus
⚔️ 28.7% · 🌾 71.3%
Archer ×23 · Skirmisher ×9 · Spearman ×3 · Militia ×2 · Mangonel ×1
Match map
Initial resources + every placement click. Lines = walls · curves = elevation contours. ◆ gold · ⬟ stone · ● berries · ✦ relic · ◌ wall gap
Your base· Open — opponent sealed themselves in
basil.vbn27's base· ✓ Closed at 20:52 · 20t walls · no gate
Smoothed initial terrain · ◌ = detected wall gap · hover for details
Inputs per minute
— 求求了让老头吃你一分 - - basil.vbn27
Build order — 求求了让老头吃你一分
First 150 of 170 actions detected
| 0:03 | Create | Villager (Male) |
| 0:03 | Create | Villager (Male) |
| 0:05 | Build | House |
| 0:07 | Build | House |
| 1:04 | Create | Villager (Male) |
| 1:04 | Create | Villager (Male) |
| 1:04 | Create | Villager (Male) |
| 1:05 | Create | Villager (Male) |
| 1:53 | Create | Villager (Male) |
| 2:11 | Build | Lumber Camp |
| 2:20 | Create | Villager (Male) |
| 2:20 | Create | Villager (Male) |
| 2:42 | Create | Villager (Male) |
| 2:42 | Create | Villager (Male) |
| 2:57 | Build | House |
| 3:06 | Create | Villager (Male) |
| 3:06 | Create | Villager (Male) |
| 3:45 | Create | Villager (Male) |
| 3:45 | Create | Villager (Male) |
| 3:46 | Create | Villager (Male) |
| 4:42 | Build | Mill |
| 4:49 | Create | Villager (Male) |
| 4:49 | Create | Villager (Male) |
| 5:24 | Create | Villager (Male) |
| 5:24 | Create | Villager (Male) |
| 5:24 | Create | Villager (Male) |
| 5:29 | Create | Villager (Male) |
| 5:29 | Research | Loom |
| 6:04 | Create | Villager (Male) |
| 7:33 | Research | Feudal Age |
| 7:40 | Build | House |
| 7:48 | Build | Barracks |
| 9:37 | Build | Palisade Wall |
| 9:43 | Age | Feudal Age |
| 9:50 | Build | Farm |
| 9:54 | Build | Stable |
| 10:00 | Create | Villager (Male) |
| 10:00 | Create | Villager (Male) |
| 10:19 | Build | Farm |
| 10:20 | Build | Farm |
| 10:24 | Create | Villager (Male) |
| 10:39 | Research | Double-Bit Axe |
| 10:44 | Build | House |
| 10:56 | Create | Scout Cavalry |
| 10:59 | Create | Villager (Male) |
| 11:04 | Research | Horse Collar |
| 11:20 | Build | Farm |
| 11:27 | Build | House |
| 11:28 | Build | House |
| 11:33 | Create | Scout Cavalry |
| 11:42 | Create | Villager (Male) |
| 11:54 | Build | Mill |
| 12:04 | Build | Farm |
| 12:08 | Create | Villager (Male) |
| 12:13 | Create | Villager (Male) |
| 12:20 | Build | Palisade Wall |
| 12:25 | Create | Villager (Male) |
| 12:29 | Build | Farm |
| 12:33 | Build | Farm |
| 12:34 | Build | Farm |
| 13:00 | Create | Villager (Male) |
| 13:05 | Build | Farm |
| 13:41 | Create | Villager (Male) |
| 13:49 | Build | Archery Range |
| 13:54 | Create | Villager (Male) |
| 13:58 | Build | House |
| 14:00 | Build | Farm |
| 14:20 | Build | Farm |
| 14:26 | Create | Villager (Male) |
| 14:48 | Build | House |
| 15:19 | Create | Skirmisher |
| 15:20 | Create | Skirmisher |
| 15:25 | Build | Archery Range |
| 15:27 | Create | Villager (Male) |
| 15:27 | Create | Villager (Male) |
| 15:39 | Create | Skirmisher |
| 15:43 | Create | Villager (Male) |
| 15:49 | Build | Mining Camp |
| 16:01 | Build | Farm |
| 16:02 | Build | Farm |
| 16:51 | Create | Villager (Male) |
| 16:52 | Create | Villager (Male) |
| 17:21 | Create | Villager (Male) |
| 17:45 | Build | House |
| 17:50 | Build | Blacksmith |
| 18:25 | Research | Castle Age |
| 18:38 | Research | Gold Mining |
| 18:50 | Build | Lumber Camp |
| 18:58 | Build | Palisade Wall |
| 19:34 | Research | Fletching |
| 19:34 | Research | Padded Archer Armor |
| 19:55 | Create | Skirmisher |
| 19:55 | Create | Skirmisher |
| 20:10 | Build | Lumber Camp |
| 20:58 | Build | Archery Range |
| 21:05 | Age | Castle Age |
| 21:11 | Research | Thumb Ring |
| 21:11 | Research | Thumb Ring |
| 21:11 | Create | Cavalry Archer |
| 21:11 | Create | Cavalry Archer |
| 21:13 | Research | Bodkin Arrow |
| 21:26 | Create | Cavalry Archer |
| 21:26 | Create | Cavalry Archer |
| 21:26 | Create | Cavalry Archer |
| 21:44 | Create | Villager (Male) |
| 21:51 | Create | Cavalry Archer |
| 21:51 | Create | Cavalry Archer |
| 22:11 | Build | Palisade Wall |
| 22:11 | Build | Palisade Wall |
| 22:18 | Create | Cavalry Archer |
| 22:18 | Create | Cavalry Archer |
| 22:27 | Build | House |
| 22:34 | Create | Cavalry Archer |
| 22:34 | Create | Cavalry Archer |
| 22:43 | Build | Palisade Gate |
| 22:49 | Create | Cavalry Archer |
| 22:49 | Create | Cavalry Archer |
| 22:51 | Create | Villager (Male) |
| 22:52 | Create | Villager (Male) |
| 23:24 | Build | House |
| 23:56 | Create | Cavalry Archer |
| 23:56 | Create | Cavalry Archer |
| 23:56 | Create | Cavalry Archer |
| 23:57 | Create | Cavalry Archer |
| 23:58 | Create | Villager (Male) |
| 23:58 | Create | Villager (Male) |
| 23:58 | Create | Villager (Male) |
| 23:58 | Create | Villager (Male) |
| 24:05 | Create | Cavalry Archer |
| 24:06 | Create | Cavalry Archer |
| 24:08 | Research | Gold Shaft Mining |
| 24:47 | Create | Cavalry Archer |
| 24:47 | Create | Cavalry Archer |
| 24:47 | Create | Cavalry Archer |
| 24:48 | Create | Villager (Male) |
| 24:48 | Create | Villager (Male) |
| 24:48 | Create | Villager (Male) |
| 24:54 | Build | House |
| 25:37 | Create | Cavalry Archer |
| 25:37 | Create | Cavalry Archer |
| 25:37 | Create | Cavalry Archer |
| 25:38 | Create | Cavalry Archer |
| 25:39 | Create | Villager (Male) |
| 25:39 | Create | Villager (Male) |
| 25:42 | Create | Villager (Male) |
| 25:43 | Create | Villager (Male) |
| 25:48 | Build | University |
| 25:51 | Build | Monastery |
| 26:15 | Build | Siege Workshop |
| 26:35 | Create | Cavalry Archer |
Build order — basil.vbn27
First 150 of 189 actions detected
| 0:02 | Create | Villager (Male) |
| 0:02 | Create | Villager (Male) |
| 0:03 | Build | House |
| 0:05 | Build | House |
| 0:24 | Create | Villager (Male) |
| 0:24 | Create | Villager (Male) |
| 1:30 | Create | Villager (Male) |
| 1:31 | Create | Villager (Male) |
| 1:42 | Create | Villager (Male) |
| 1:42 | Create | Villager (Male) |
| 1:57 | Build | Lumber Camp |
| 2:14 | Create | Villager (Male) |
| 2:15 | Create | Villager (Male) |
| 2:48 | Create | Villager (Male) |
| 2:48 | Create | Villager (Male) |
| 3:15 | Create | Villager (Male) |
| 3:33 | Create | Villager (Male) |
| 3:51 | Build | House |
| 4:14 | Create | Villager (Male) |
| 4:47 | Create | Villager (Male) |
| 4:47 | Create | Villager (Male) |
| 4:47 | Create | Villager (Male) |
| 4:52 | Create | Villager (Male) |
| 5:01 | Build | Barracks |
| 5:34 | Create | Villager (Male) |
| 5:58 | Create | Militia |
| 5:58 | Create | Militia |
| 6:01 | Build | House |
| 6:29 | Create | Villager (Male) |
| 6:29 | Create | Villager (Male) |
| 6:42 | Build | House |
| 6:51 | Create | Villager (Male) |
| 7:11 | Create | Villager (Male) |
| 7:11 | Create | Villager (Male) |
| 7:15 | Create | Villager (Male) |
| 7:16 | Create | Villager (Male) |
| 7:37 | Build | Mill |
| 8:22 | Research | Loom |
| 8:53 | Create | Villager (Male) |
| 9:29 | Create | Villager (Male) |
| 9:33 | Build | Farm |
| 9:34 | Build | Farm |
| 9:35 | Build | Farm |
| 9:47 | Build | Farm |
| 9:52 | Build | Farm |
| 9:53 | Create | Villager (Male) |
| 10:00 | Build | Farm |
| 10:12 | Create | Villager (Male) |
| 10:21 | Research | Feudal Age |
| 10:33 | Build | Farm |
| 11:04 | Build | Mining Camp |
| 11:09 | Build | House |
| 11:21 | Build | House |
| 11:22 | Build | Palisade Wall |
| 11:39 | Age | Feudal Age |
| 11:39 | Research | Horse Collar |
| 11:46 | Create | Villager (Male) |
| 11:49 | Build | House |
| 11:51 | Build | Palisade Wall |
| 11:53 | Build | Palisade Wall |
| 11:59 | Create | Spearman |
| 11:59 | Create | Spearman |
| 12:22 | Create | Villager (Male) |
| 12:27 | Research | Double-Bit Axe |
| 12:30 | Create | Spearman |
| 12:45 | Build | House |
| 12:58 | Build | House |
| 12:59 | Create | Villager (Male) |
| 12:59 | Create | Villager (Male) |
| 13:02 | Build | Palisade Wall |
| 13:04 | Create | Villager (Male) |
| 13:12 | Build | House |
| 13:20 | Create | Villager (Male) |
| 13:26 | Build | Farm |
| 13:30 | Build | House |
| 13:40 | Build | House |
| 13:47 | Build | Palisade Wall |
| 13:49 | Create | Villager (Male) |
| 13:58 | Build | House |
| 14:00 | Build | Palisade Wall |
| 14:06 | Build | Palisade Wall |
| 14:11 | Build | House |
| 14:13 | Build | Palisade Wall |
| 14:13 | Build | House |
| 14:16 | Create | Villager (Male) |
| 14:36 | Build | Archery Range |
| 14:44 | Create | Villager (Male) |
| 15:05 | Build | House |
| 15:07 | Create | Villager (Male) |
| 15:17 | Build | House |
| 15:28 | Build | Blacksmith |
| 15:38 | Create | Villager (Male) |
| 15:42 | Build | House |
| 15:44 | Build | Palisade Wall |
| 15:51 | Build | Palisade Wall |
| 15:56 | Build | Farm |
| 15:58 | Create | Villager (Male) |
| 16:12 | Create | Archer |
| 16:12 | Create | Archer |
| 16:22 | Create | Archer |
| 16:22 | Create | Archer |
| 16:32 | Build | Farm |
| 16:46 | Build | House |
| 16:47 | Create | Skirmisher |
| 16:47 | Create | Skirmisher |
| 16:55 | Research | Fletching |
| 17:01 | Build | Palisade Wall |
| 17:01 | Create | Villager (Male) |
| 17:07 | Build | Lumber Camp |
| 17:12 | Create | Villager (Male) |
| 17:20 | Create | Skirmisher |
| 17:32 | Build | House |
| 17:34 | Build | Farm |
| 18:23 | Create | Villager (Male) |
| 18:25 | Build | Farm |
| 18:28 | Build | Farm |
| 18:30 | Build | Farm |
| 18:54 | Build | Farm |
| 18:57 | Build | Farm |
| 19:16 | Research | Castle Age |
| 19:34 | Build | Archery Range |
| 19:58 | Create | Archer |
| 19:58 | Create | Archer |
| 20:19 | Research | Padded Archer Armor |
| 20:25 | Build | Farm |
| 20:52 | Age | Castle Age |
| 20:58 | Build | Siege Workshop |
| 21:02 | Build | Siege Workshop |
| 21:07 | Create | Villager (Male) |
| 21:08 | Build | Farm |
| 21:10 | Build | Farm |
| 21:11 | Build | Farm |
| 21:13 | Research | Bodkin Arrow |
| 21:21 | Build | University |
| 21:23 | Create | Villager (Male) |
| 21:23 | Create | Villager (Male) |
| 21:28 | Research | Gold Mining |
| 21:36 | Create | Archer |
| 21:53 | Create | Archer |
| 21:54 | Create | Archer |
| 22:13 | Build | Farm |
| 22:14 | Build | Farm |
| 22:22 | Build | Palisade Wall |
| 22:24 | Create | Villager (Male) |
| 22:38 | Research | Crossbowman (upgrade) |
| 22:41 | Create | Mangonel |
| 22:49 | Create | Villager (Male) |
| 22:49 | Create | Villager (Male) |
| 23:13 | Create | Archer |
| 23:13 | Create | Archer |
Match timeline
| 5:01 | basil.vbn27 · first_building Barracks |
| 7:48 | 求求了让老头吃你一分 · first_building Barracks |
| 9:37 | 求求了让老头吃你一分 · wall_segment Palisade Wall x3 |
| 9:43 | 求求了让老头吃你一分 · age_up feudal |
| 9:54 | 求求了让老头吃你一分 · first_building Stable |
| 11:22 | basil.vbn27 · wall_segment Palisade Wall x2 |
| 11:39 | basil.vbn27 · age_up feudal |
| 11:51 | basil.vbn27 · wall_segment Palisade Wall x1 |
| 11:53 | basil.vbn27 · wall_segment Palisade Wall x1 |
| 12:20 | 求求了让老头吃你一分 · wall_segment Palisade Wall x9 |
| 13:02 | basil.vbn27 · wall_segment Palisade Wall x3 |
| 13:47 | basil.vbn27 · wall_segment Palisade Wall x1 |
| 13:49 | 求求了让老头吃你一分 · first_building Archery Range |
| 14:00 | basil.vbn27 · wall_segment Palisade Wall x2 |
| 14:06 | basil.vbn27 · wall_segment Palisade Wall x1 |
| 14:13 | basil.vbn27 · wall_segment Palisade Wall x3 |
| 14:36 | basil.vbn27 · first_building Archery Range |
| 15:44 | basil.vbn27 · wall_segment Palisade Wall x4 |
| 15:51 | basil.vbn27 · wall_segment Palisade Wall x1 |
| 17:01 | basil.vbn27 · wall_segment Palisade Wall x1 |
| 18:58 | 求求了让老头吃你一分 · wall_segment Palisade Wall x6 |
| 20:52 | basil.vbn27 · age_up castle |
| 20:58 | basil.vbn27 · first_building Siege Workshop |
| 21:05 | 求求了让老头吃你一分 · age_up castle |
| 22:11 | 求求了让老头吃你一分 · wall_segment Palisade Wall x17 |
| 22:11 | 求求了让老头吃你一分 · wall_segment Palisade Wall x1 |
| 22:22 | basil.vbn27 · wall_segment Palisade Wall x2 |
| 25:51 | 求求了让老头吃你一分 · first_building Monastery |
| 26:15 | 求求了让老头吃你一分 · first_building Siege Workshop |
| 26:39 | basil.vbn27 · wall_segment Palisade Wall x1 |
| 28:32 | basil.vbn27 · resign |
[ AI ANALYSIS · 1 CREDIT ]
What really happened in this match?
Wolo.gg analyzes every decision: build order, eco, micro, common mistakes by bracket. Personalized analysis on WhatsApp or Discord in 30 seconds.
Civ guide
Magyars
Perfil
Jugador #11610066